Map: Pillars of Gold LE

Players

Vindicta

  • Race: Terran Terran
  • League: Master
  • Spawn Location: 7:00

Nina - Winner!

  • Race: Protoss Protoss
  • League: Grandmaster
  • Spawn Location: 1:00

Event: DreamHack SC2 Masters 2020 Winter

VOD

Have the link to the VOD?

Description

Time

  • Played on: Oct. 29, 2020, 4:56 p.m.
  • Length: 18:25

All games in this series

Show
View Real Time Build Order
Export as new Build Order

Vindicta Terran 

Build Orders: Reaper Expand 

Get SALT Encoding   

  12  0:00  SCV  
  13  0:12  SCV  
  14  0:18  Supply Depot  
  14  0:24  SCV  
  15  0:41  Barracks  
  16  0:44  Refinery  
  16  0:45  SCV  
  17  0:57  SCV  
  17  1:09  SCV  
  18  1:21  SCV  
  19  1:30  Reaper  
  20  1:33  Orbital Command  
  20  1:49  Command Center  
  20  1:58  Supply Depot  
  20  2:01  SCV  
  21  2:05  Marine  
  22  2:13  SCV  
  23  2:21  Factory  
  23  2:26  Bunker  
  23  2:27  Barracks Reactor  
  23  2:34  SCV  
  24  2:38  Refinery  
  24  2:46  SCV  
  25  2:58  SCV  
  25  3:03  Marine  
  27  3:12  Orbital Command  
  26  3:14  SCV  
  26  3:15  Marine  
  26  3:17  Widow Mine, Starport  
  30  3:22  Marine  
  30  3:26  SCV  
  32  3:33  Marine  
  32  3:34  Supply Depot  
  33  3:37  SCV  
  33  3:38  SCV  
  33  3:40  Marine  
  36  3:43  Widow Mine  
  38  3:50  SCV  
  38  3:53  Medivac  
  38  3:55  SCV  
  41  3:58  Marine  
  43  4:04  Marine, Widow Mine  
  43  4:07  SCV  
  46  4:10  Barracks  
  46  4:12  Barracks  
  46  4:15  Marine  
  46  4:16  SCV  
  48  4:19  SCV  
  48  4:21  Supply Depot  
  48  4:22  Marine  
  50  4:25  Medivac  
  50  4:27  Widow Mine  
  54  4:42  Engineering Bay, Refinery  
  54  4:43  SCV x2, Supply Depot  
  56  4:48  Marine  
  56  4:49  Marine  
  56  4:50  Factory Tech Lab  
  58  4:55  SCV, Starport Tech Lab  
  58  4:58  SCV  
  60  5:07  SCV, Supply Depot  
  60  5:10  SCV  
  60  5:12  Terran Infantry Weapons Level 1  
  62  5:16  Combat Shield  
  62  5:19  SCV  
  63  5:22  Stimpack, Marauder  
  66  5:28  Factory Reactor  
  66  5:29  Starport Reactor  
  66  5:32  SCV  
  66  5:33  Refinery  
  66  5:34  SCV  
  67  5:36  Marauder  
  67  5:39  Marine x2  
  71  5:43  Marine  
  71  5:46  SCV  
  71  5:58  SCV, Marauder  
  71  6:00  Marine x2  
  71  6:01  Marauder  
  76  6:04  Widow Mine  
  76  6:08  Widow Mine  
  78  6:11  Supply Depot  
  78  6:13  Medivac x2  
  78  6:18  SCV, Marine  
  82  6:19  Marauder  
  82  6:23  Marauder  
  86  6:32  Marine  
  86  6:33  Widow Mine x2  
  86  6:34  SCV  
  86  6:35  Concussive Shells, Supply Depot  
  86  6:36  Marine  
  93  6:46  Command Center  
  93  6:50  Marauder  
  94  6:56  Liberator x2  
  94  6:57  Marauder  
  102  7:03  Supply Depot  
  102  7:06  Terran Infantry Armor Level 1  
  102  7:13  SCV, Marine x2, Widow Mine  
  101  7:25  Marine  
  101  7:29  Widow Mine  
  104  7:30  Marine  
  105  7:39  Medivac x2, Marine  
  105  7:44  Marauder, Barracks  
  112  7:45  Barracks  
  112  7:50  Ghost Academy  
  110  7:54  Marine  
  110  7:55  Marauder  
  110  7:56  SCV  
  110  7:57  SCV, Marine  
  114  8:08  SCV  
  114  8:09  Orbital Command  
  114  8:11  Marine  
  115  8:15  Medivac  
  115  8:16  Marauder  
  100  8:21  Marine  
  100  8:24  Medivac  
  100  8:25  Widow Mine, Marine  
  104  8:27  Orbital Command  
  104  8:29  Marauder  
  104  8:35  SCV  
  104  8:36  Barracks Reactor  
  104  8:37  Barracks Tech Lab  
  104  8:39  SCV  
  105  8:42  Enhanced Shockwaves  
  105  8:46  Marine  
  105  8:47  Widow Mine  
  105  8:48  Widow Mine, Marine  
  110  8:49  SCV  
  110  8:51  SCV  
  109  8:56  Ghost  
  109  8:57  Ghost  
  114  9:03  SCV, Marine  
  116  9:11  Widow Mine  
  116  9:12  SCV, Widow Mine  
  116  9:14  Refinery  
  116  9:15  Refinery  
  120  9:17  SCV, Sensor Tower  
  120  9:18  Ghost  
  123  9:24  SCV  
  123  9:28  Ghost  
  123  9:30  SCV x2  
  126  9:33  Widow Mine  
  126  9:36  SCV, Missile Turret  
  126  9:37  Supply Depot  
  126  9:38  Missile Turret  
  129  9:39  Liberator  
  129  9:42  SCV  
  131  9:46  Supply Depot  
  131  9:49  SCV  
  132  9:56  Supply Depot  
  132  9:58  Liberator  
  137  10:00  Supply Depot  
  137  10:02  Ghost  
  137  10:04  Marine  
  141  10:08  Marine  
  141  10:11  Armory, Engineering Bay  
  141  10:12  Widow Mine  
  140  10:15  Marine  
  140  10:16  Marine  
  140  10:17  Command Center  
  140  10:18  SCV  
  140  10:20  Widow Mine  
  145  10:25  Marine  
  145  10:26  Marauder, Marine  
  151  10:32  Marauder  
  151  10:33  Marine  
  151  10:34  Marine  
  155  10:37  Supply Depot, Widow Mine  
  155  10:38  Ghost  
  157  10:43  Marine  
  157  10:44  Marine  
  157  10:46  Supply Depot  
  159  10:55  Marine  
  159  10:56  Ghost, Marauder  
  159  10:58  Marine  
  159  11:01  Marine  
  159  11:02  Marine  
  153  11:08  Liberator  
  155  11:13  Marine  
  155  11:16  Marine  
  155  11:17  Marauder  
  145  11:18  Marine  
  145  11:19  Marine  
  145  11:23  Liberator  
  152  11:25  Terran Infantry Weapons Level 2  
  152  11:31  Terran Infantry Armor Level 2  
  147  11:33  Marine  
  147  11:34  Missile Turret  
  147  11:37  Marine  
  151  11:41  Widow Mine x2  
  152  11:49  Terran Ship Weapons Level 1  
  152  11:50  Marine  
  152  11:51  SCV  
  152  11:53  Marauder, Starport  
  155  11:57  Fusion Core  
  152  12:07  Marauder, Marine  
  151  12:11  Liberator  
  151  12:12  Marine  
  151  12:15  Marine  
  158  12:16  SCV, Marauder  
  158  12:17  Planetary Fortress  
  152  12:23  Marine  
  152  12:24  Marine  
  152  12:28  SCV, Refinery  
  152  12:29  Refinery  
  152  12:30  Sensor Tower  
  152  12:32  SCV  
  152  12:35  Starport Reactor  
  152  12:36  Ghost  
  157  12:42  SCV  
  157  12:43  Marine  
  152  12:44  Marauder  
  152  12:47  Advanced Ballistics  
  152  12:49  Marine  
  152  12:50  Marine x2  
  152  12:51  Marauder  
  155  12:57  SCV  
  153  12:59  Liberator  
  153  13:01  Marine, Liberator  
  153  13:04  Widow Mine  
  164  13:07  Marauder, Marine  
  169  13:13  Marine x2  
  169  13:19  SCV  
  168  13:21  Command Center  
  166  13:28  Marine  
  166  13:29  Marauder x2, Marine  
  166  13:33  Liberator x2  
  178  13:35  Ghost  
  178  13:39  Marine  
  179  13:46  Marine  
  179  13:48  Marine  
  181  13:50  Marauder  
  181  13:51  SCV, Marauder  
  181  13:52  Liberator  
  185  14:04  Medivac, Marauder  
  187  14:11  Ghost  
  187  14:12  Marauder  
  187  14:13  Marine  
  187  14:14  Marine  
  187  14:15  Marine  
  189  14:17  Terran Infantry Weapons Level 3  
  189  14:19  Terran Infantry Armor Level 3  
  182  14:34  Ghost  
  182  14:36  Marine x3  
  187  14:43  Marine  
  188  14:46  Terran Ship Weapons Level 2  
  188  14:49  Barracks  
  188  14:50  Barracks, Liberator  
  188  14:51  Liberator  
  188  14:52  Barracks  
  192  14:57  Missile Turret  
  192  15:01  Liberator x2  
  196  15:19  Marauder, Marine x2  
  196  15:20  Marauder  
  182  15:23  Marine  
  184  15:33  Liberator  
  184  15:34  Liberator  
  175  15:40  Planetary Fortress  
  175  15:42  Marine x2  
  166  15:43  Marauder x2  
  166  15:44  Marauder, Marine x4  
  166  15:45  Marine  
  171  15:57  Medivac  
  171  15:58  Liberator  
  171  16:00  Marine x2  
  171  16:01  Orbital Command  
  171  16:02  Marine x2  
  182  16:04  Marauder x2  
  182  16:05  Marine  
  182  16:06  SCV, Marauder  
  186  16:11  Sensor Tower  
  186  16:12  Marine  
  186  16:17  SCV  
  175  16:25  Marauder  
  175  16:26  Missile Turret, Ghost, Marauder  
  175  16:30  Medivac  
  175  16:31  Marine  
  171  16:35  Liberator  
  171  16:36  Marine  
  171  16:37  Marine x2  
  177  16:40  Medivac, Refinery  
  177  16:45  Liberator  
  178  16:47  Marauder x2  
  178  16:49  SCV  
  179  16:56  Marauder  
  179  17:00  Liberator  
  183  17:07  Supply Depot  
  183  17:08  Supply Depot  
  177  17:33  Marine  
  177  17:34  Marauder, Marine  
  172  17:44  Supply Depot  
  172  17:46  Supply Depot x2  
  172  18:00  Marine  
  172  18:02  Marine x4  
  172  18:03  Marauder, Marine  
  172  18:05  Marine  
Show
View Real Time Build Order
Export as new Build Order

Nina Protoss - Winner!

Build Orders: 1 Gate Expand, Blink Stalkers 

Get SALT Encoding   

  12  0:00  Probe  
  13  0:12  Probe  
  14  0:18  Pylon  
  14  0:24  Probe (Chrono Boost)  
  15  0:36  Probe (Chrono Boost)  
  15  0:37  Gateway  
  16  0:45  Probe (Chrono Boost)  
  16  0:48  Assimilator  
  17  0:51  Probe  
  18  1:03  Probe  
  19  1:15  Probe  
  20  1:27  Cybernetics Core  
  20  1:38  Nexus  
  20  1:44  Pylon  
  21  1:47  Probe  
  21  1:53  Assimilator  
  21  1:59  Probe  
  21  2:00  Adept (Chrono Boost)  
  24  2:09  Shield Battery  
  24  2:13  Probe  
  25  2:19  Warp Gate  
  25  2:22  Stalker (Chrono Boost)  
  25  2:28  Probe  
  28  2:40  Probe  
  29  2:44  Twilight Council  
  29  2:50  Probe  
  30  2:52  Probe  
  31  3:05  Probe  
  31  3:09  Probe  
  33  3:17  Probe  
  33  3:18  Blink (Chrono Boost)  
  32  3:20  Stalker, Gateway  
  32  3:21  Probe (Chrono Boost)  
  35  3:33  Probe (Chrono Boost)  
  37  3:35  Probe (Chrono Boost)  
  38  3:41  Probe (Chrono Boost)  
  38  3:44  Probe (Chrono Boost)  
  38  3:47  Probe  
  38  3:48  Pylon  
  39  3:54  Probe  
  41  3:59  Probe  
  42  4:06  Probe  
  42  4:07  Sentry  
  45  4:10  Robotics Facility  
  45  4:12  Probe  
  45  4:15  Stalker  
  48  4:18  Probe  
  48  4:24  Probe  
  50  4:25  Phoenix  
  50  4:26  Pylon  
  50  4:29  Nexus  
  50  4:30  Probe  
  51  4:32  Assimilator  
  51  4:35  Stalker  
  53  4:44  Pylon  
  53  4:46  Stalker  
  53  4:51  Gateway  
  55  4:53  Gateway  
  55  4:58  Observer  
  55  4:59  Gateway  
  56  5:03  Stalker  
  58  5:09  Gateway  
  58  5:11  Probe  
  59  5:15  Probe  
  59  5:18  Stalker  
  62  5:23  Charge  
  62  5:24  Probe  
  62  5:27  Probe  
  64  5:29  Stalker  
  64  5:31  Immortal (Chrono Boost)  
  70  5:40  Gateway  
  70  5:41  Probe  
  71  5:56  Stalker x2  
  74  6:08  Probe  
  74  6:10  Probe  
  76  6:23  Forge x2  
  76  6:24  Probe x2  
  78  6:25  Sentry  
  78  6:27  Pylon  
  78  6:28  Immortal (Chrono Boost)  
  78  6:31  Probe  
  84  6:35  Pylon  
  84  6:36  Probe  
  85  6:42  Pylon  
  85  6:45  Probe x2  
  87  6:50  Sentry, Zealot x2  
  93  6:55  Protoss Ground Armor Level 1 (Chrono Boost), Protoss Ground Weapons Level 1 (Chrono Boost)  
  93  6:56  Probe  
  94  7:02  Probe  
  94  7:04  Immortal (Chrono Boost)  
  94  7:07  Photon Cannon  
  99  7:09  Probe  
  99  7:10  Probe  
  99  7:15  Zealot x2  
  105  7:19  Pylon  
  105  7:22  Phoenix  
  103  7:25  Pylon  
  103  7:27  Pylon  
  99  7:32  Zealot x4  
  99  7:33  Probe  
  99  7:36  Stalker, Observer  
  96  7:41  Stalker  
  96  7:42  Shield Battery  
  98  7:44  Stalker  
  100  7:53  Stalker x3  
  100  7:56  Zealot  
  106  8:06  Zealot x2  
  106  8:09  Observer  
  108  8:18  Stalker x4  
  92  8:22  Probe x2  
  93  8:29  Stalker  
  93  8:33  Probe  
  94  8:37  Probe  
  94  8:41  Probe  
  94  8:46  Probe  
  94  8:49  Probe  
  94  8:53  Probe, Stalker x2  
  100  8:58  Probe  
  100  9:00  Zealot  
  100  9:02  Probe  
  104  9:05  Probe, Assimilator  
  105  9:11  Protoss Ground Armor Level 2 (Chrono Boost)  
  105  9:20  Probe  
  105  9:22  Probe x2, Assimilator  
  105  9:23  Protoss Ground Weapons Level 2 (Chrono Boost), Assimilator  
  108  9:28  Zealot x2  
  112  9:33  Probe  
  112  9:34  Probe x2  
  112  9:36  Robotics Facility  
  115  9:44  Robotics Bay  
  115  9:45  Probe  
  116  9:49  Zealot x3  
  116  9:51  Pylon  
  122  9:55  Observer (Chrono Boost)  
  123  10:04  Pylon  
  123  10:06  Pylon  
  123  10:11  Pylon  
  123  10:14  Photon Cannon  
  123  10:16  Nexus  
  123  10:20  Pylon  
  123  10:21  Zealot x2  
  125  10:22  Observer  
  125  10:25  Zealot  
  127  10:29  Disruptor x2 (Chrono Boost)  
  133  10:43  Pylon  
  133  10:44  Observer  
  131  10:52  Zealot x6  
  125  10:58  Disruptor  
  118  11:04  Disruptor  
  111  11:15  Stalker  
  111  11:16  Stalker x2  
  117  11:22  Probe  
  117  11:23  Probe  
  119  11:33  Disruptor  
  119  11:35  Probe x3  
  125  11:40  Disruptor  
  125  11:42  Photon Cannon  
  125  11:43  Photon Cannon  
  128  11:53  Zealot  
  128  11:54  Stalker, Zealot  
  132  11:55  Stalker x3  
  140  12:01  Zealot  
  140  12:06  Probe  
  133  12:09  Disruptor  
  133  12:12  Probe  
  137  12:16  Stalker, Disruptor  
  137  12:17  Stalker  
  137  12:18  Probe  
  137  12:19  Zealot x4  
  153  12:23  Probe  
  153  12:25  Stalker  
  153  12:26  Probe  
  157  12:30  Photon Cannon  
  157  12:42  Stalker x4  
  157  12:43  Probe x2  
  168  12:44  Probe  
  168  12:45  Probe  
  167  12:53  Observer  
  164  13:00  Photon Cannon  
  164  13:02  Stalker x3  
  164  13:03  Protoss Ground Armor Level 3 (Chrono Boost)  
  170  13:06  Shield Battery  
  170  13:07  Protoss Ground Weapons Level 3 (Chrono Boost)  
  170  13:20  Photon Cannon  
  170  13:23  Stalker x2  
  174  13:33  Stalker x3  
  180  13:38  Photon Cannon  
  180  13:40  Dark Shrine  
  180  13:42  Disruptor  
  180  13:47  Zealot x2  
  187  13:52  Stalker x2  
  191  13:56  Zealot  
  186  14:15  Nexus  
  180  14:24  Observer  
  177  14:32  Nexus  
  177  14:35  Pylon  
  177  14:37  Pylon  
  177  14:43  Pylon x2  
  177  14:48  Photon Cannon  
  177  14:53  Assimilator, Photon Cannon  
  177  14:54  Observer  
  177  14:55  Shadow Stride, Photon Cannon  
  177  14:57  Assimilator  
  177  14:58  Stalker  
  180  15:04  Stalker x2  
  184  15:10  Stalker  
  185  15:20  Stalker x2  
  185  15:21  Stalker  
  172  15:26  Disruptor  
  175  15:34  Disruptor  
  170  15:42  Dark Templar x4  
  172  15:48  Stalker x2  
  176  15:55  Stalker  
  178  15:57  Probe x4  
  180  16:09  Probe  
  181  16:17  Stalker x5  
  183  16:38  Gateway  
  183  16:40  Stalker, Gateway  
  183  16:41  Stalker  
  183  17:04  Stalker x7  
  197  17:09  Gateway  
  197  17:10  Photon Cannon  
  197  17:14  Photon Cannon, Gateway  
  169  17:39  Stalker x4  
  169  17:40  Stalker x5  
  187  17:46  Assimilator  
  187  17:49  Assimilator, Photon Cannon  
  187  17:53  Shield Battery  
  139  18:20  Stalker x9  
  139  18:21  Stalker  
Tags
 
Add a new tag
Caveats
  • Supply blocks, unpowered buildings, or Contaminate may cause inaccurate times.
  • Supply counts are checked every 10 seconds.